 Dungeon Crawl Stone Soup version 0.27-a0-95-g5a9077b8ae (webtiles) character file.

Game seed: 38433579033142121

453 PentaManta the Ruffian (level 7, 0/55 HPs)
             Began as a Ghoul Gladiator on Jan 18, 2021.
             Was an Initiate of Makhleb.
             Slain by a hound (4 damage)
             ... on level 6 of the Dungeon.
             The game lasted 00:05:49 (3227 turns).

PentaManta the Ruffian (Ghoul Gladiator)            Turns: 3227, Time: 00:05:49

Health: 0/55       AC:  7    Str: 20    XL:     7   Next: 5%
Magic:  6/6        EV: 10    Int:  3    God:    Makhleb [......]
Gold:   139        SH:  4    Dex: 10    Spells: 6/6 levels left

rFire    . . .     SeeInvis .     - Unarmed
rCold    + + .     Faith    .   p - +0 buckler
rNeg     + + +     Spirit   .   n - +0 scale mail
rPois    ∞         Reflect  .   b - +0 helmet
rElec    .         Harm     .   (no cloak)
rCorr    .         Rampage  .   (no gloves)
Will     .....                  (no boots)
Stlth    ..........             e - amulet of the acrobat
HPRegen  0.00/turn              x - ring of protection from cold
MPRegen  0.10/turn              (no ring)

@: no status effects
A: claws 1, cold resistance 1, negative energy resistance 3, inhibited
regeneration, torment resistance, unbreathing
a: Renounce Religion


You were on level 6 of the Dungeon.
You worshipped Makhleb.
Makhleb was noncommittal.
You visited 2 branches of the dungeon, and saw 7 of its levels.

You collected 139 gold pieces.

Inventory:

Hand Weapons
 A - the +4 spear of Mapoiwu {drain, rF- Will- Str+6 Dex+9, unknown}
   (You found it on level 4 of the Dungeon)

   A truly terrible weapon, it drains the life of those it strikes.
   It affects your strength (+6).
   It affects your dexterity (+9).
   It makes you vulnerable to fire.
   It affects your willpower, your defense against some magical effects.
Missiles
 c - 3 throwing nets (quivered)
Armour
 b - a +0 helmet (worn)
 n - a +0 scale mail (worn)
 p - a +0 buckler (worn)
 u - a +0 pair of gloves
Jewellery
 e - an amulet of the acrobat (around neck)
 x - a ring of protection from cold (left claw)
 y - an uncursed amulet of magic regeneration {unknown}
Wands
 o - a wand of random effects (23)
 B - a wand of flame (15)
Scrolls
 d - 6 scrolls of identify {unknown}
 g - 2 scrolls of fear {unknown}
 h - a scroll of remove curse {unknown}
 j - a scroll of random uselessness {unknown}
 s - a scroll of magic mapping {unknown}
 v - 2 scrolls of teleportation {unknown}
Potions
 a - a potion of degeneration {unknown}
 f - 4 potions of curing {unknown}
 i - a potion of heal wounds {unknown}
 k - a potion of ambrosia {unknown}
 l - a potion of lignification {unknown}
 m - 2 potions of flight {unknown}
 q - 3 potions of attraction {unknown}
 r - a potion of berserk rage {unknown}
 t - 2 potions of haste {unknown}
 w - a potion of might {unknown}
 z - a potion of mutation {unknown}


   Skills:
 - Level 2.1 Fighting
 - Level 1.7 Throwing
 - Level 2.6 Dodging
 - Level 4.0 Shields
 + Level 6.8 Unarmed Combat


You had 6 spell levels left.
You didn't know any spells.
Your spell library was empty.

Dungeon Overview and Level Annotations

Branches:
Dungeon (6/15)             Temple (1/1) D:4

Altars:
Ashenzari
Elyvilon
Hepliaklqana
Kikubaaqudgha
Makhleb
Nemelex Xobeh
Qazlal
Ru
Uskayaw
Vehumet
Yredelemnul
The Shining One

Annotations:
D:4 Pikel


Innate Abilities, Weirdness & Mutations

You thrive by killing the living.
You are immune to poison.
You have sharp fingernails.
Your flesh is cold resistant. (rC+)
You are immune to negative energy. (rN+++)
You do not regenerate when monsters are visible.
You are immune to unholy pain and torment.
You can survive without breathing.


Message History

* * * LOW HITPOINT WARNING * * *
You barely miss the gnoll.
The gnoll is severely wounded.
The hound misses you. The gnoll barely misses you.
You barely miss the gnoll.
The gnoll is severely wounded.
The hound barely misses you. The gnoll hits you but does no damage.
You closely miss the gnoll.
The gnoll is severely wounded.
The hound bites you but does no damage.
You claw the gnoll!
You kill the gnoll!
Makhleb accepts your kill.
You feel better.
The hound bites you but does no damage. x2
The hound closely misses you.
You closely miss the hound.
The hound bites you but does no damage. x2
You barely miss the hound.
The hound is moderately wounded.
The hound bites you but does no damage. The hound bites you.
You die...

####
...
##h#
#@#
#h##
#.
#.
#.
#.
#.
..


You could see 2 hounds.

Vanquished Creatures
  A phantom (D:4)
  A centaur zombie (D:3)
  A hound (D:4)
  An orc priest (D:4)
  Natasha (thrice) (D:2)
  An iguana (D:4)
  A hound zombie (D:3)
  A worker ant zombie (D:3)
  A howler monkey skeleton (D:3)
  A gnoll (D:6)
  4 adders
  A shadow imp (D:5)
  An adder zombie (D:3)
  3 leopard geckos
  3 orcs (D:4)
  5 giant cockroaches
  4 hobgoblins
  3 jackals (D:2)
  2 quokkas (D:2)
  A ball python (D:1)
  8 bats
  8 frilled lizards
  11 goblins
  12 kobolds
  2 leopard gecko skeletons (D:3)
  2 leopard gecko zombies (D:3)
  2 quokka zombies (D:3)
  6 rats
90 creatures vanquished.

Vanquished Creatures (others)
  A plant (D:4)
  A withered plant (D:3)
2 creatures vanquished.

Grand Total: 92 creatures vanquished

Notes
Turn   | Place    | Note
-------+----------+-------------------------------------------
     0 | D:1      | PentaManta the Ghoul Gladiator began the quest for the Orb.
     0 | D:1      | Reached XP level 1. HP: 17/17 MP: 0/0
    52 | D:1      | Reached XP level 2. HP: 24/24 MP: 1/1
    54 | D:1      | Reached skill level 4 in Unarmed Combat
   412 | D:1      | Reached XP level 3. HP: 29/29 MP: 2/2
   629 | D:2      | Found a sparkling altar of Nemelex Xobeh.
   803 | D:2      | Reached skill level 5 in Unarmed Combat
   998 | D:2      | Reached XP level 4. HP: 36/36 MP: 3/3
  1154 | D:2      | Noticed Natasha
  1164 | D:2      | Killed Natasha
  1177 | D:2      | Reached skill level 1 in Shields
  1356 | D:2      | Found a sparkling altar of Nemelex Xobeh.
  1604 | D:2      | Noticed Natasha
  1610 | D:2      | Killed Natasha
  1611 | D:2      | Reached XP level 5. HP: 41/41 MP: 4/4
  1770 | D:2      | Noticed Natasha
  1777 | D:2      | Killed Natasha
  2022 | D:3      | Reached skill level 6 in Unarmed Combat
  2222 | D:3      | Found a burning altar of Makhleb.
  2318 | D:3      | Became a worshipper of Makhleb the Destroyer
  2678 | D:3      | Reached XP level 6. HP: 48/48 MP: 5/5
  2752 | D:4      | Found a staircase to the Ecumenical Temple.
  2763 | Temple   | Entered the Ecumenical Temple
  3050 | D:4      | Noticed a phantom
  3079 | D:4      | Killed a phantom
  3144 | D:4      | Got a brightly glowing spear
  3158 | D:4      | Reached XP level 7. HP: 55/55 MP: 6/6
  3188 | D:4      | Noticed Pikel
  3205 | D:4      | You fall into a shaft and drop 1 floor!
  3205 | D:5      | Entered Level 5 of the Dungeon
  3221 | D:6      | HP: 1/55 [hound (4)]
  3227 | D:6      | Slain by a hound

Illustrated notes

Levels and vault maps discovered:
D:1:      lightli_arrival_chessboard, layout_loops_ring, serial_bayou_pond_e
D:2:      minmay_angry_zag, layout_basic, lemuel_crystal_altar,
          kennysheep_generic_room_8, uniq_natasha
D:3:      layout_loops_cross, lemuel_doored_altar, serial_undead,
          serial_undead_a, serial_undead_d, serial_undead_e, serial_undead_f,
          serial_undead_c, minmay_goblin_kobold_house
D:4:      wad_woods_pond, layout_rooms, temple_fountains,
          uniq_crazy_yiuf_cottage, uniq_robin, uniq_pikel, uniq_menkaure
D:5:      layout_cave_pools, okawaru_gym_becter, zin_treasury,
          uniq_blork_the_orc
D:6:      gammafunk_steamed_eel, layout_loops_ring, led_sif_pool,
          serial_co_window_serial, co_window_corner_a, co_window_paths_b,
          co_window_paths_a, co_window_paths_b, co_window_paths_a,
          co_window_unsneaky_path_a, co_window_2corner,
          co_window_unsneaky_path_b, co_window_unsneaky_path_b,
          co_window_2corner, co_window_paths_c, serial_shops,
          nicolae_shop_statue_plus, chequers_serial_rivers_small_3, uniq_edmund
Temple:   chequers_temple_sunken

Skill      XL: |  1  2  3  4  5  6 |
---------------+-------------------+-----
Unarmed Combat | 4 5 6 |  6.8
Shields        | 1 2 4 |  4.0
Fighting       | |  2.1
Throwing       | |  1.7
Dodging        | |  2.6

Action                   |  1- 3 |  4- 6 |  7- 9 || total
-------------------------+-------+-------+-------++-------
Melee: Unarmed           |   109 |   185 |    23 ||   317
       Punch             |     1 |     1 |       ||     2
Armor: Leather armour    |    23 |       |       ||    23
       Scale mail        |     8 |    92 |    15 ||   115
Dodge: Dodged            |    99 |    99 |    19 ||   217
Block: Buckler           |       |    27 |     4 ||    31

Table legend: (Time is in decaauts)
 A = Elapsed time spent in this place.
 B = Non-inter-level travel time spent in this place.
 C = Inter-level travel time spent in this place.
 D = Time resting spent in this place.
 E = Time spent auto-exploring this place.
 F = Levels seen in this place.
 G = Mean time per level.
                   A        B        C        D        E       F      G
               +--------+--------+--------+--------+--------+-----+--------+
         Total |   3257 |   3135 |    122 |      0 |   2481 |   7 |  465.3 |
       Dungeon |   3012 |   2922 |     90 |      0 |   2270 |   6 |  502.0 |
        Temple |    245 |    213 |     32 |      0 |    211 |   1 |  245.0 |
               +--------+--------+--------+--------+--------+-----+--------+

Top non-repeatable levels by time:
     D:2: 1390 daAuts
     D:3: 743 daAuts
     D:1: 567 daAuts
     D:4: 290 daAuts
  Temple: 245 daAuts
     D:5: 11 daAuts
     D:6: 8 daAuts
